 Dungeon Sprint DCSS version 0.27-a0-1291-geefcff550b (webtiles) character file.

Game seed: 8938927062360972758

65 mhtbhm the Covert (level 3, -1/19 HPs)
             Began as a Spriggan Brigand on June 15, 2021.
             Splashed by an oklob sapling's acid (8 damage)
             ... in the Dungeon (Sprint IV: "Fedhas' Mad Dash").
             The game lasted 00:00:39 (902 turns).

mhtbhm the Covert (Spriggan Brigand)                 Turns: 902, Time: 00:00:40

Health: -1/19      AC:  3    Str:  7    XL:     3   Next: 94%
Magic:  4/4        EV: 17    Int: 12    God:
Gold:   0          SH:  0    Dex: 17    Spells: 2/2 levels left

rFire    . . .     SeeInvis +   a - +2 dagger
rCold    . . .     Faith    .   (shield restricted)
rNeg     . . .     Spirit   .   b - +0 robe
rPois    .         Reflect  .   (helmet restricted)
rElec    .         Harm     .   c - +0 cloak
rCorr    .         Rampage  .   (gloves unavailable)
Will     .....     NoTele   +   (boots unavailable)
Stlth    +++++.....             (no amulet)
HPRegen  0.06/turn              (no ring)
MPRegen  0.09/turn              (no ring)

@: very quick
A: very small, no large weapons, unfitting armour, see invisible, speed 3
a: no special abilities


You were in the Dungeon.
You visited 1 branch

Inventory:

Hand Weapons
 a - a +2 dagger (weapon)
Missiles
 d - 8 poisoned darts (quivered)
Armour
 b - a +0 robe (worn)
 c - a +0 cloak (worn)
Scrolls
 k - a scroll of blinking
Potions
 f - a potion of curing
 g - a potion of heal wounds
 h - a potion of haste
 i - 2 potions of magic
 j - a potion of berserk rage


   Skills:
 + Level 2.5 Fighting
 + Level 3.2 Short Blades
 + Level 3.5 Throwing
 + Level 1.8 Dodging
 + Level 11.1 Stealth


You had 2 spell levels left.
You didn't know any spells.
Your spell library was empty.

Dungeon Overview and Level Annotations

Branches:
Dungeon (1/1)

Altars:

Annotations:
D exclusion: oklob sapling


Innate Abilities, Weirdness & Mutations

You are very small and have problems with some larger weapons.
You are too small for most types of armour.
You have supernaturally acute eyesight. (SInv)
You cover ground extremely quickly. (Speed+++)


Message History

The curare-tipped dart closely misses the scorpion.
You kill the scorpion!
Your Fighting skill increases to level 2!
Your Short Blades skill increases to level 3!
Your Throwing skill increases to level 3!
Your Stealth skill gained 3 levels and is now at level 11!
You have reached level 3!
Your experience leads to an increase in your attributes!
Increase (S)trength, (I)ntelligence, or (D)exterity?
You feel agile.
Unknown command.
You start waiting.
Done waiting.
You start waiting.
Done waiting.
Really walk into a travel-excluded area?
There is an open door here.
You see here a curare-tipped dart.
Unknown command.
You completely miss the oklob sapling.
Unknown command.
You start waiting.
Done waiting.
Really walk into a travel-excluded area?
There is an open door here.
You see here a curare-tipped dart.
You hit the oklob sapling but do no damage.
You start waiting.
Done waiting.
Unknown command.
Really walk into a travel-excluded area?
There is an open door here.
You see here a curare-tipped dart.
Unknown command.
You hit the oklob sapling but do no damage.
The oklob sapling spits acid at you. The splash of acid hits you!
Ouch! That really hurt!
You are splashed with acid!
You die...

##################
#<...#.....#.$$$$#
#PP..'.)..(@.#
#PPPP#.....#P#
##############


You could see an oklob sapling.

Vanquished Creatures
  A scorpion (D)
  A river rat (D)
  A rat (D)
3 creatures vanquished.

Vanquished Creatures (others)
  A fungus (D)
1 creature vanquished.

Grand Total: 4 creatures vanquished

Notes
Turn   | Place    | Note
-------+----------+-------------------------------------------
     0 | D        | mhtbhm the Spriggan Brigand began the quest for the Orb.
     0 | D        | Reached XP level 1. HP: 10/10 MP: 2/2
    27 | D        | Reached skill level 7 in Stealth
    27 | D        | Reached XP level 2. HP: 8/15 MP: 3/3
   467 | D        | Reached skill level 8 in Stealth
   483 | D        | Noticed an oklob sapling
   483 | D        | Noticed a scorpion
   489 | D        | Killed a scorpion
   490 | D        | Reached skill level 11 in Stealth
   490 | D        | Reached XP level 3. HP: 19/19 MP: 4/4
   902 | D        | Splashed by an oklob sapling's acid

Illustrated notes

Levels and vault maps discovered:
D:        dungeon_sprint_fedhas [sprint_temple]

Skill      XL: |  1  2 |
---------------+-------+-----
Stealth        | 7 11 | 11.1
Fighting       | 2 |  2.5
Short Blades   | 3 |  3.2
Throwing       | 3 |  3.5
Dodging        | |  1.8

Action                   || total
-------------------------++-------
Melee: Dagger            ||    11
Throw: Dart              ||     8
 Stab: Sleeping          ||     1
Dodge: Dodged            ||     4

Table legend: (Time is in decaauts)
 A = Elapsed time spent in this place.
 B = Non-inter-level travel time spent in this place.
 C = Inter-level travel time spent in this place.
 D = Time resting spent in this place.
 E = Time spent auto-exploring this place.
 F = Levels seen in this place.
 G = Mean time per level.
                   A        B        C        D        E       F      G
               +--------+--------+--------+--------+--------+-----+--------+
         Total |    880 |    880 |      0 |    827 |      0 |   1 |  880.0 |
       Dungeon |    880 |    880 |      0 |    827 |      0 |   1 |  880.0 |
               +--------+--------+--------+--------+--------+-----+--------+

Top non-repeatable levels by time:
       D: 880 daAuts
